 Dungeon Crawl Stone Soup version 0.29-a0-23-ga79f92ac9c (webtiles) character file.

Game seed: 9283594037719936071

52 HallandMoats the Skirmisher (level 3, 0/20 HPs)
             Began as a Vine Stalker Fighter on Jan 30, 2022.
             Was a Follower of Okawaru.
             Succumbed to an adder's poison
             ... on level 2 of the Dungeon.
             The game lasted 00:01:45 (1464 turns).

HallandMoats the Skirmisher (Vine Stalker Fighter)  Turns: 1464, Time: 00:01:45

Health: 0/20       AC: 10    Str: 18    XL:     3   Next: 85%
Magic:  1/5        EV: 12    Int:  8    God:    Okawaru [*.....]
Gold:   113        SH:  6    Dex: 15    Spells: 2/2 levels left

rFire   . . .      SeeInvis .   a - +0 war axe
rCold   . . .      Faith    .   c - +0 buckler
rNeg    . . .      Spirit   +   b - +0 scale mail
rPois   .          Reflect  .   l - +0 helmet
rElec   .          Harm     .   (no cloak)
rCorr   .          Rampage  .   k - +0 pair of gloves
Will    .....                   (no boots)
Stlth   ++........              (no amulet)
HPRegen 0.06/turn               (no ring)
MPRegen 0.09/turn               (no ring)

@: lethally poisoned (0 -> -3), heroic
A: fangs 2, magic shield, antimagic bite, no potion heal 2
a: Renounce Religion, Heroism


You were on level 2 of the Dungeon.
You worshipped Okawaru.
Okawaru was aware of your devotion.
You visited 1 branch of the dungeon, and saw 2 of its levels.

You collected 113 gold pieces.

Inventory:

Hand Weapons
 a - a +0 war axe (weapon)
Armour
 b - a +0 scale mail (worn)
 c - a +0 buckler (worn)
 k - a +0 pair of gloves (worn)
 l - a +0 helmet (worn)
Jewellery
 m - a +6 ring of strength
Scrolls
 e - 2 scrolls of teleportation {unknown}
 f - a scroll of brand weapon {unknown}
 h - a scroll of holy word {unknown}
 n - a scroll of identify {unknown}
Potions
 d - a potion of might
 g - a potion of lignification {unknown}
 i - a potion of mutation {unknown}
 j - a potion of resistance {unknown}


   Skills:
 * Level 3.0(8.0) Fighting
 * Level 2.3(7.3) Axes
 + Level 2.5(7.5) Armour
 + Level 0.6(5.6) Dodging
 + Level 2.8(7.8) Shields
 * Level 1.5 Invocations


You had 2 spell levels left.
You didn't know any spells.
Your spell library contained the following spells:

 Spells                   Type           Power      Damage    Failure   Level
 Corpse Rot               Necr/Air       0%         N/A       92%         2
 Poisonous Vapours        Pois/Air       0%         N/A       92%         2
 Inner Flame              Hex/Fire       0%         N/A       99%         3
 Anguish                  Hex/Necr       0%         N/A       100%        4
 Cause Fear               Hex            0%         N/A       100%        4
 Enfeeble                 Hex            0%         N/A       100%        7
 Orb of Destruction       Conj           0%         9d5       100%        7
 Discord                  Hex            0%         N/A       100%        8
 Summon Guardian Golem    Hex/Summ       Unusable   N/A       N/A         3
 Tukima's Dance           Hex            Unusable   N/A       N/A         3
 Spellforged Servitor     Conj/Summ      Unusable   N/A       N/A         7

Dungeon Overview and Level Annotations

Branches:
Dungeon (2/15)

Altars:
Okawaru


Innate Abilities, Weirdness & Mutations

You have extremely sharp teeth.
When hurt, damage is shared between your health and your magic reserves.
Your bite disrupts and absorbs the magic of your enemies.
Potions cannot restore your health.


Message History

You closely miss the adder. You bite the adder. You drain its power.
You feel invigorated.
The adder is heavily wounded.
You feel sick. You block the adder's attack. x2
You hit the adder.
The adder is heavily wounded.
You feel sick. The adder bites you.
You are more poisoned.
The adder poisons you! The adder bites you but does no damage.
You are too injured to fight recklessly!
You are too injured to fight recklessly!
You are too injured to fight recklessly!
You are too injured to fight recklessly!
You are too injured to fight recklessly!
You are too injured to fight recklessly!
You are too injured to fight recklessly!
An adder is nearby!
An adder is nearby!
An adder is nearby!
Okay, then.
You gain the combat prowess of a mighty hero.
You feel sick. The adder bites you.
You closely miss the adder. Your bite misses the adder.
The adder is heavily wounded.
* * * LOW HITPOINT WARNING * * *
You feel sick. The adder bites you but does no damage.
You hit the adder but do no damage.
The adder is heavily wounded.
* * * LOW HITPOINT WARNING * * *
You feel sick. The adder bites you.
* * * LOW HITPOINT WARNING * * *
You block the adder's attack.
You barely miss the adder.
The adder is heavily wounded.
* * * LOW HITPOINT WARNING * * *
You feel sick. The adder bites you but does no damage.
The adder barely misses you.
You miss the adder. Your bite misses the adder.
The adder is heavily wounded.
You die...

###############
#.............#
#.###########.# #.# #.#
# #.# #.# #.#.###.# #.#
#...S@..# ### #.##
#.#.#######.## #.#.
.... ..
.....#...######.#.
...## #.
#.............. #...
...######.#...######.##
#.. .. .......<...##
##.## #.# #
#######.##.# ##...#
######.# ########.##.#
#..... .......#
#........##.#####.....


You could see an adder.

Vanquished Creatures
  An adder (D:2)
  An orc (D:2)
  A ball python (D:2)
  5 endoplasms
  3 giant cockroaches (D:1)
  5 goblins
  5 hobgoblins
  A jackal (D:2)
  3 kobolds (D:1)
  A quokka (D:2)
  4 bats
  2 frilled lizards (D:1)
  5 rats
37 creatures vanquished.

Notes
Turn   | Place    | Note
-------+----------+-------------------------------------------
     0 | D:1      | HallandMoats the Vine Stalker Fighter began the quest for
                  | the Orb.
     0 | D:1      | Reached XP level 1. HP: 11/11 MP: 2/2
    93 | D:1      | Found a faded altar of an unknown god.
   102 | D:1      | Prayed at the altar of an unknown god.
   102 | D:1      | Became a worshipper of Warmaster Okawaru
   102 | D:1      | Reached * piety under Okawaru
   193 | D:1      | You fall into a shaft and drop 1 floor!
   195 | D:2      | Reached XP level 2. HP: 16/16 MP: 3/3
   365 | D:1      | Reached skill level 1 in Invocations
   512 | D:1      | Reached XP level 3. HP: 19/19 MP: 4/4
   789 | D:1      | Reached skill level 3 in Fighting
  1464 | D:2      | Succumbed to an adder's poison

Illustrated notes

Levels and vault maps discovered:
D:1:      minmay_arrival_up_and_down, layout_loops_ring,
          shapermc_ecumenical_altar_venn
D:2:      layout_loops_ring, minmay_joined_circles, uniq_natasha

Skill      XL: |  1  2  3 |
---------------+----------+-----
Axes           | 2 |  2.3
Invocations    | 1 |  1.5
Fighting       | 3 |  3.0
Armour         | |  2.5
Dodging        | |  0.6
Shields        | |  2.8

Action                   || total
-------------------------++-------
Melee: War axe           ||    86
       Bite              ||    16
Invok: Heroism           ||     1
Armor: Scale mail        ||    50
Dodge: Dodged            ||    33
Block: Buckler           ||    24

Table legend: (Time is in decaauts)
 A = Elapsed time spent in this place.
 B = Non-inter-level travel time spent in this place.
 C = Inter-level travel time spent in this place.
 D = Time resting spent in this place.
 E = Time spent auto-exploring this place.
 F = Levels seen in this place.
 G = Mean time per level.
                   A        B        C        D        E       F      G
               +--------+--------+--------+--------+--------+-----+--------+
         Total |   1502 |   1457 |     45 |    185 |   1012 |   2 |  751.0 |
       Dungeon |   1502 |   1457 |     45 |    185 |   1012 |   2 |  751.0 |
               +--------+--------+--------+--------+--------+-----+--------+

Top non-repeatable levels by time:
     D:1: 951 daAuts
     D:2: 551 daAuts
